 Dungeon Crawl Stone Soup version 0.29-a0-823-gc37b1572da (webtiles) character file.

Game seed: 7801513653581893752

243 gobodom the Magician (level 6, -1/40 HPs)
             Began as a Djinni Fire Elementalist on July 8, 2022.
             Slain by a gnoll
             ... wielding a +0 halberd
              (2 damage)
             ... on level 4 of the Dungeon.
             The game lasted 00:08:44 (4435 turns).

gobodom the Magician (Djinni Fire Elementalist)     Turns: 4435, Time: 00:08:44

Health: -1/40      AC:  3    Str:  7    XL:     6   Next: 31%
Gold:   32         EV: 17    Int: 19    God:
                   SH:  5    Dex: 13

rFire   + + .      SeeInvis +   m - +2 dagger (venom)
rCold   x . .      Faith    .   (no shield)
rNeg    . . .      Spirit   .   a - +1 robe
rPois   ∞          Reflect  +   (no helmet)
rElec   .          Harm     .   (no cloak)
rCorr   .          Rampage  .   (no gloves)
Will    .....                   (boots unavailable)
Stlth   ++........              s - amulet of reflection
HPRegen 0.13/turn               l - +4 ring of evasion
MPRegen 0.00/turn               n - ring of see invisible

@: flying, hasted, invisible, very quick
A: sickness immunity, fire resistance 2, cold vulnerability 1, float, innate
caster, HP casting, extra vitality 1
a: no special abilities


You were on level 4 of the Dungeon.
You visited 1 branch of the dungeon, and saw 4 of its levels.

You collected 114 gold pieces.
You spent 82 gold pieces at shops.

Inventory:

Hand Weapons
 m - a +2 dagger of venom (weapon)
Armour
 a - a +1 robe (worn)
Jewellery
 l - a +4 ring of evasion (left hand)
 n - a ring of see invisible (right hand)
 s - an amulet of reflection (around neck)
 u - a ring of fire
Scrolls
 b - 2 scrolls of enchant weapon {unknown}
 f - 2 scrolls of teleportation {unknown}
 g - a scroll of poison {unknown}
 h - a scroll of torment {unknown}
 k - a scroll of noise {unknown}
 t - a scroll of fear {unknown}
Potions
 d - a potion of resistance
 e - a potion of invisibility
 j - a potion of curing
 o - a potion of degeneration {unknown}
 p - a potion of attraction {unknown}
 q - a potion of mutation {unknown}
 r - a potion of brilliance {unknown}


   Skills:
 * Level 3.5 Dodging
 + Level 2.3 Stealth
 + Level 4.4 Spellcasting


You couldn't memorise any spells.
You knew the following spells:

 Your Spells              Type           Power      Damage    Failure   Level
a - Foxfire               Conj/Fire      84%        2x1d8     2%          1
b - Scorch                Fire           42%        2d7       3%          2
c - Conjure Flame         Conj/Fire      21%        6-21      6%          3
d - Inner Flame           Hex/Fire       21%        N/A       6%          3
e - Flame Wave            Conj/Fire      21%        2d7       22%         4
f - Summon Small Mammal   Summ           84%        N/A       2%          1
g - Wereblood             Tmut           21%        N/A       3%          2
Your spell library was empty.

Dungeon Overview and Level Annotations

Branches:
Dungeon (4/15)
 Temple: D:4-7

Altars:
The Shining One

Shops:
D:4 ?


Innate Abilities, Weirdness & Mutations

You are immune to sickness and miasma.
You are immune to poison.
Your flesh is very heat resistant. (rF++)
You are vulnerable to cold. (rC-)
You float through the air rather than walking.
You learn spells naturally, not from books.
Your magical power is your life essence.
You have superior vitality. (+4 MHP)


Message History

The fire begins to smoulder!
You block the hound's attack.
The gnoll drinks a potion.
The gnoll suddenly seems more resistant.
The gnoll closely misses you. The gnoll hits you with a +0 flail!
Your foxfire dissipates!
The hound smothers the flame.
Casting: Conjure Flame (dangerous; 6% risk of failure)
Confirm with . or Enter, or press ? or * to list all spells.
Aiming: Inner Flame (dangerous; 6% risk of failure)
Press: ? - help, Dir - move target, f - gnoll
Aim: a gnoll, wielding a +0 halberd (chance to affect: 83%)
The gnoll is filled with an inner flame.
The hound bites you.
* * * LOW HITPOINT WARNING * * *
The hound stops to sniff the ground.
The hound barely misses you.
Casting: Inner Flame (dangerous; 6% risk of failure)
Confirm with . or Enter, or press ? or * to list all spells.
Flames lash the gnoll.
You kill the gnoll!
* * * LOW HITPOINT WARNING * * *
The hound is no longer more vulnerable to fire.
The hound misses you. The gnoll barely misses you.
Casting: Scorch (safe; 3% risk of failure)
Confirm with . or Enter, or press ? or * to list all spells.
Flames lash the hound.
The hound is almost dead.
The hound's fire resistance burns away.
* * * LOW HITPOINT WARNING * * *
You hear an angry growl.
You block the hound's attack. The gnoll barely misses you.
The gnoll completely misses you. You block the hound's attack.
You fade into invisibility!
The hound bites you.
* * * LOW HITPOINT WARNING * * *
You block the gnoll's attack. The gnoll barely misses you.
You feel yourself speed up. The hound barely misses you.
The gnoll closely misses you.
The gnoll hits you from afar with a +0 halberd.
You die...

#..## #.........# # ##.##
###..>##..# ###..#
####.### ....## ##....# .
.########..#### ..
.......##.## #.#
.#####....# ..
...####..##########.#
................@hgn#
>...##############g......
....# ..##.## ....# g...
....# .g### ##### ..# ...
...


You could see a necrophage (unable to see you), a hound (combustible) and 2
gnolls.

Vanquished Creatures
  A hound (D:4)
  Terence (D:2)
  Natasha (twice) (D:2)
  A gnoll (D:4)
  6 adders
  3 dart slugs (D:1)
  An orc (D:3)
  5 ball pythons
  8 endoplasms
  A giant cockroach (D:4)
  6 goblins
  3 hobgoblins
  3 jackals (D:3)
  4 kobolds (D:1)
  5 quokkas
  5 bats
  4 frilled lizards
  8 rats
67 creatures vanquished.

Vanquished Creatures (others)
  320 foxfires
320 creatures vanquished.

Grand Total: 387 creatures vanquished

Notes
Turn   | Place    | Note
-------+----------+-------------------------------------------
     0 | D:1      | gobodom the Djinni Fire Elementalist began the quest for
                  | the Orb.
     0 | D:1      | gobodom set off with the following spells memorised:
                  | Foxfire, Scorch, Conjure Flame, Inner Flame, Flame Wave.
     0 | D:1      | Reached XP level 1. HP: 15/15 MP: 0/0
   284 | D:1      | Reached XP level 2. HP: 18/21 MP: 0/0
   687 | D:1      | Reached skill level 3 in Spellcasting
   823 | D:1      | Reached XP level 3. HP: 24/25 MP: 0/0
   823 | D:1      | Learned a level 1 spell: Summon Small Mammal
  2169 | D:2      | Noticed Natasha
  2174 | D:2      | Killed Natasha
  2175 | D:2      | Reached XP level 4. HP: 26/31 MP: 0/0
  2316 | D:2      | Noticed Terence
  2324 | D:2      | Killed Terence
  3023 | D:2      | Reached XP level 5. HP: 34/35 MP: 0/0
  3023 | D:2      | Learned a level 2 spell: Wereblood
  3028 | D:2      | Noticed Natasha
  3032 | D:2      | Killed Natasha
  3033 | D:2      | Reached skill level 4 in Spellcasting
  3651 | D:3      | Found a faded altar of an unknown god.
  3772 | D:3      | Found a glowing golden altar of the Shining One.
  3988 | D:3      | Reached XP level 6. HP: 37/40 MP: 0/0
  4289 | D:4      | Found Vicsumof's Magic Scroll Boutique.
  4354 | D:4      | Bought a scroll of enchant armour for 82 gold pieces
  4434 | D:4      | HP: 1/40 [hound (3)]
  4435 | D:4      | Slain by a gnoll

Illustrated notes

Levels and vault maps discovered:
D:1:      heliophobic_arrival_enchanted_forest, layout_basic, minmay_tall_x
D:2:      layout_basic, uniq_terence, uniq_natasha
D:3:      layout_rooms, mainiacjoe_overflow_concentric_impassable,
          hellmonk_ecumenical_altar_zigzags
D:4:      layout_rooms, serial_shops, nicolae_shop_statue_plus,
          nicolae_stop_n_shop_1, nicolae_shop_crystal, kennysheep_crisscross,
          mrwooster_statue_mirror, minmay_diced_spiral

Skill      XL: |  1  2  3  4  5 |
---------------+----------------+-----
Spellcasting   | 3 4 |  4.4
Stealth        | 2 |  2.3
Dodging        | 3 |  3.5

Action                   |  1- 3 |  4- 6 || total
-------------------------+-------+-------++-------
Melee: Unarmed           |     3 |       ||     3
       Dagger            |       |     2 ||     2
 Cast: Foxfire           |    86 |   116 ||   202
       Scorch            |     1 |     6 ||     7
       Conjure Flame     |       |     1 ||     1
       Inner Flame       |       |     1 ||     1
  Use: Scroll            |       |     5 ||     5
       Potion            |       |     2 ||     2
Armor: Robe              |     2 |       ||     2
Dodge: Dodged            |     5 |    28 ||    33
Block: Other             |       |     5 ||     5

Table legend: (Time is in decaauts)
 A = Elapsed time spent in this place.
 B = Non-inter-level travel time spent in this place.
 C = Inter-level travel time spent in this place.
 D = Time resting spent in this place.
 E = Time spent auto-exploring this place.
 F = Levels seen in this place.
 G = Mean time per level.
                   A        B        C        D        E       F      G
               +--------+--------+--------+--------+--------+-----+--------+
         Total |   4432 |   4254 |    178 |    288 |   3519 |   4 | 1108.0 |
       Dungeon |   4432 |   4254 |    178 |    288 |   3519 |   4 | 1108.0 |
               +--------+--------+--------+--------+--------+-----+--------+

Top non-repeatable levels by time:
     D:1: 1852 daAuts
     D:2: 1391 daAuts
     D:3: 1043 daAuts
     D:4: 145 daAuts
